 Seeded DCSS version 0.30.1-4-g462c640d31 (webtiles) character file.

Game seed: 6351066067085065685 (custom seed)

177 Esekla the Magician (level 5, -2/27 (28) HPs)
             Began as a Deep Elf Wanderer on Sept 13, 2023.
             Was a Follower of Vehumet.
             Slain by an iguana (9 damage)
             ... on level 5 of the Dungeon.
             The game lasted 00:21:14 (3413 turns).

Esekla the Magician (Deep Elf Wanderer)             Turns: 3413, Time: 00:21:15

HP:   -2/27 (28)    AC:  4    Str: 11    XL:     5   Next: 31%
MP:   5/15          EV: 12    Int: 20    God:    Vehumet [*.....]
Gold: 245           SH:  3    Dex: 11    Spells: 6/16 levels left

rFire   . . .        a - +2 dagger (vamp)
rCold   . . .        d - +0 buckler
rNeg    . . .        c - +0 robe
rPois   .            m - +0 helmet
rElec   .            (no cloak)
rCorr   .            l - +0 pair of gloves
SInv    .            (no boots)
Will    .....        y - amulet of magic regeneration
Stlth   ++           (no ring)
HPRegen 0.24/turn    (no ring)
MPRegen 0.54/turn

%: no passive effects
@: very slightly contaminated, lightly drained
A: no striking features
a: Renounce Religion


You were on level 5 of the Dungeon.
You worshipped Vehumet.
Vehumet was aware of your devotion.
You visited 1 branch of the dungeon, and saw 5 of its levels.

You collected 245 gold pieces.

Inventory:

Hand Weapons
 a - a +2 vampiric dagger (weapon)
 r - a +0 trident
 s - the +5 rapier of the Hero {heavy, rN+ Dex+3}
   (You found it on level 3 of the Dungeon)

   Dex:       It affects your dexterity (+3).
   rN:        It protects you from negative energy.
Armour
 c - a +0 robe (worn)
 d - a +0 buckler (worn)
 l - a +0 pair of gloves (worn)
 m - a +0 helmet (worn)
Jewellery
 y - an amulet of magic regeneration (around neck)
Wands
 i - a wand of roots (9)
Scrolls
 g - 3 scrolls of identify {unknown}
 j - a scroll of blinking {unknown}
 o - a scroll of enchant armour {unknown}
 p - a scroll of amnesia {unknown}
 q - a scroll of immolation {unknown}
 u - a scroll of fog {unknown}
 v - 2 scrolls of enchant weapon {unknown}
 w - a scroll of silence {unknown}
 x - a scroll of magic mapping {unknown}
Potions
 b - 2 potions of lignification
 e - a potion of ambrosia {unknown}
 f - 2 potions of attraction {unknown}
 h - a potion of heal wounds {unknown}
 k - 2 potions of curing
 n - a potion of mutation {unknown}
 t - 3 potions of brilliance {unknown}


   Skills:
 + Level 0.7 Short Blades
 * Level 3.0 Dodging
 + Level 1.3 Stealth
 + Level 1.5 Shields
 * Level 6.4 Spellcasting
 + Level 0.7 Conjurations
 * Level 1.5 Necromancy
 + Level 2.5 Translocations
 + Level 1.0 Invocations


You had 6 spell levels left.
You knew the following spells:

 Your Spells              Type           Power      Damage    Failure   Level
a - Magic Dart            Conj           36%        1d4       11%         1
b - Blink                 Tloc           32%        N/A       8%          2
d - Vampiric Draining     Necr           12%        2d6       24%         3
p - Apportation           Tloc           32%        N/A       5%          1
t - Teleport Other        Tloc           16%        N/A       16%         3

Your spell library contained the following spells:

 Spells                   Type           Power      Damage    Failure   Level
 Sandblast                Erth           12%        2d6       14%         1
 Lesser Beckoning         Tloc           32%        N/A       8%          2
 Gell's Gravitas          Tloc           16%        N/A       16%         3
 Ignite Poison            Fire/Tmut/Pois 6%         N/A       41%         3
 Spider Form              Tmut/Pois      6%         N/A       41%         3
 Cause Fear               Hex            3%         N/A       82%         4
 Summon Mana Viper        Hex/Summ       6%         N/A       99%         5


Dungeon Overview and Level Annotations

Branches:
Dungeon (5/15)
 Temple: D:4-7

Altars:
Dithmenos
Hepliaklqana
Okawaru
Qazlal
Trog
Vehumet
Zin
The Shining One

Shops:
D:2 =   D:4 (


Message History

You completely miss the iguana.
The iguana is lightly wounded.
The iguana closely misses you.
You closely miss the iguana.
The iguana is lightly wounded.
The iguana bites you! The iguana bites you.
Casting: Magic Dart (safe; 11% risk of failure)
Confirm with . or Enter, or press ? or * to list all spells.
The spell is quite dangerous to miscast (24% risk of failure)!
Continue anyway?
Aiming: Vampiric Draining (quite dangerous; 24% risk of failure)
Press: ? - help, Shift-Dir - straight line, f/p - iguana
Aim: an iguana (lightly wounded)
You miscast Vampiric Draining.
You are very lightly contaminated with residual magic.
You sense a malignant aura.
You feel drained. The iguana misses you.
Casting: Vampiric Draining (extremely dangerous; 24% risk of failure)
Confirm with . or Enter, or press ? or * to list all spells.
The spell is extremely dangerous to miscast (24% risk of failure)!
Continue anyway?
Aiming: Vampiric Draining (extremely dangerous; 24% risk of failure)
Press: ? - help, Shift-Dir - straight line, f/p - iguana
Aim: an iguana (lightly wounded)
You draw life force from the iguana.
You feel life coursing into your body. The iguana bites you!
* * * LOW HITPOINT WARNING * * *
Casting: Vampiric Draining (extremely dangerous; 24% risk of failure)
Confirm with . or Enter, or press ? or * to list all spells.
The spell is extremely dangerous to miscast (24% risk of failure)!
Continue anyway?
Aiming: Vampiric Draining (extremely dangerous; 24% risk of failure)
Press: ? - help, Shift-Dir - straight line, f/p - iguana
Aim: an iguana (heavily wounded)
You draw life force from the iguana.
You feel life coursing into your body. The iguana barely misses you.
Casting: Vampiric Draining (extremely dangerous; 24% risk of failure)
Confirm with . or Enter, or press ? or * to list all spells.
The spell is extremely dangerous to miscast (24% risk of failure)!
Continue anyway?
Aiming: Vampiric Draining (extremely dangerous; 24% risk of failure)
Press: ? - help, Shift-Dir - straight line, f/p - iguana
Aim: an iguana (severely wounded)
You miscast Vampiric Draining.
Nothing appears to happen.
The iguana bites you!
You die...

## ## ##. .# ..#.
... # #.#
##.#l#############
#...@........)...#
##.#############.#
# #.# #.# #.# #.#
#.# ##.#### #.#
#.....# #.#
#.....# #.#
#..⌠..## #.#


You could see an iguana.

Vanquished Creatures
  A hound (D:3)
  An iguana (D:5)
  3 gnolls
  3 adders
  3 dart slugs
  8 orcs
  4 endoplasms
  7 goblins
  4 hobgoblins
  A quokka (D:1)
  6 ball pythons
  4 bats
  4 frilled lizards
  5 kobolds
54 creatures vanquished.

Notes
Turn   | Place    | Note
-------+----------+-------------------------------------------
     0 | D:1      | Esekla the Deep Elf Wanderer began the quest for the Orb.
     0 | D:1      | Esekla set off with the following items: a +0 club, a
                  | potion of lignification, a +0 robe, a +0 buckler; and the
                  | following spells available to memorise: Apportation, Blink,
                  | Lesser Beckoning, Magic Dart, Ignite Poison, Vampiric
                  | Draining.
     0 | D:1      | Reached XP level 1. HP: 10/10 MP: 7/7
     2 | D:1      | Learned a level 1 spell: Magic Dart
     4 | D:1      | Learned a level 1 spell: Apportation
   221 | D:2      | Found Renulab's Jewellery Shop.
   676 | D:4      | Found a radiant altar of Vehumet.
   691 | D:4      | Found an iron altar of Okawaru.
   701 | D:4      | Found a glowing silver altar of Zin.
   787 | D:4      | Became a worshipper of Vehumet
   926 | D:3      | Reached skill level 5 in Spellcasting
  1017 | D:3      | Reached XP level 2. HP: 15/15 MP: 8/10
  1160 | D:3      | Identified the +5 rapier of the Hero {heavy, rN+ Dex+3}
  1213 | D:2      | Learned a level 2 spell: Blink
  1419 | D:1      | Reached XP level 3. HP: 10/19 MP: 12/12
  1491 | D:1      | Learned a level 3 spell: Vampiric Draining
  1535 | D:1      | Reached * piety under Vehumet
  1535 | D:1      | Offered knowledge of Sandblast by Vehumet.
  1543 | D:1      | Learned a level 3 spell: Teleport Other
  1796 | D:1      | Reached skill level 1 in Dodging
  1903 | D:2      | Reached skill level 1 in Necromancy
  1972 | D:3      | Reached XP level 4. HP: 22/24 MP: 6/13
  2449 | D:3      | Found a stormy altar of Qazlal.
  2467 | D:3      | Reached skill level 6 in Spellcasting
  2581 | D:3      | Found a bloodstained altar of Trog.
  2584 | D:3      | Found a hazy altar of Hepliaklqana.
  2724 | D:4      | Found Ponaysk's Antique Weapon Boutique.
  2963 | D:4      | Found a glowing golden altar of the Shining One.
  3000 | D:4      | Reached XP level 5. HP: 23/28 MP: 15/15
  3107 | D:5      | Entered Level 5 of the Dungeon
  3110 | D:5      | Got the Parchment of the Lumpy Olives
  3165 | D:5      | Found a shadowy altar of Dithmenos.
  3413 | D:5      | Slain by an iguana

Illustrated notes

Levels and vault maps discovered:
D:1:      sevenhm_arrival_forest_fort_small_3, layout_rooms,
          chequers_serial_rivers_room_b, minmay_misc_feat_five
D:2:      layout_loops_ring, dreamdust_ecumenical_altar_angels_and_demons,
          serial_shops, shop
D:3:      layout_basic, grunt_temple_overflow_open, minmay_misc_feat_iff
D:4:      layout_basic, nicolae_overflow_quartered_altars, serial_shops,
          nicolae_diamond_shop
D:5:      layout_loops_ring, lemuel_doored_altar, minmay_misc_feat_rows,
          dreamdust_wishing_well

Skill      XL: |  1  2  3  4  5 |
---------------+----------------+-----
Spellcasting   | 5 6 |  6.4
Dodging        | 1 2 3 |  3.0
Necromancy     | 1 |  1.5
Short Blades   | |  0.7
Stealth        | |  1.3
Shields        | |  1.5
Conjurations   | |  0.7
Translocations | |  2.5
Invocations    | |  1.0

Action                     |  1- 3 |  4- 6 || total
---------------------------+-------+-------++-------
  Melee: Short sword       |    84 |    46 ||   130
         Dagger            |       |    23 ||    23
   Cast: Magic Dart        |    40 |    22 ||    62
         Apportation       |    15 |    14 ||    29
         Blink             |     2 |       ||     2
         Vampiric Draining |     4 |    14 ||    18
    Use: Scroll            |     1 |       ||     1
         Potion            |     2 |       ||     2
   Stab: Sleeping          |       |     1 ||     1
 Armour: Robe              |    20 |    12 ||    32
  Dodge: Dodged            |    54 |    42 ||    96
  Block: Buckler           |    13 |     7 ||    20
